AoeStats
← Dd

Arabia

505383313Analyzed
1v1 RM · 21d ago on Sep 9, 2026· 37m 33s· 2 players
Game mode
Random Map
Map size
Tiny (2 player)
Population
200
Speed
Normal
Resources
Standard
Victory
Conquest
Starting age
Dark Age
Ending age
Imperial Age
RankedLock teamsTeams togetherTeam positionsShared explorationLock speedFull tech treeHidden civsTurbo modeCheats
Victory
Defeat
🇨🇳 Spanish · China
1267
+14
🇨🇴 Malians · Colombia
1233
-14
[_M_] Dave
6:52 Loom
9:24 Feudal Age
9:48 Man-at-Arms
14:23 Fletching
19:01 Padded Archer Armor
22:40 Castle Age
20:31 Double-Bit Axe
22:33 Scale Barding Armor
22:58 Bloodlines
23:32 Horse Collar
24:06 Gold Mining
25:20 Forging
26:01 Crossbowman
28:14 Bodkin Arrow
29:56 Leather Archer Armor
32:33 Husbandry
33:22 Wheelbarrow
Dd
6:25 Loom
11:30 Feudal Age
23:21 Castle Age
21:19 Fletching
22:28 Padded Archer Armor
22:58 Stone Mining
27:05 Double-Bit Axe
28:47 Bodkin Arrow
28:46 Horse Collar
31:14 Elite Skirmisher
32:16 Leather Archer Armor
37:44 Gold Mining
38:10 Bow Saw
38:22 Bloodlines
38:13 Husbandry
Connection lost

Rejoining the realm…

Still unreachable

The connection could not be restored.

Session expired

The server has moved on; the page needs a fresh start.